 Dungeon Crawl Stone Soup version 0.22.1-1-ga44c0e5 (webtiles) character file.

170 dvd the Sneak (level 5, 0/28 HPs)
             Began as a Kobold Enchanter on Oct 7, 2018.
             Killed from afar by an orc (3 damage)
             ... on level 3 of the Dungeon.
             The game lasted 00:08:22 (3580 turns).

dvd the Sneak (Kobold Enchanter)                    Turns: 3580, Time: 00:08:23

Health: 0/28       AC:  2    Str:  5    XL:     5   Next: 80%
Magic:  2/19       EV: 15    Int: 17    God:
Gold:   99         SH:  0    Dex: 16    Spells: 1/10 levels left

rFire    . . .     SeeInvis .   s - +2 dagger (flame)
rCold    . . .     Gourm    .   (shield restricted)
rNeg     . . .     Faith    .   b - +0 robe
rPois    .         Spirit   .   (no helmet)
rElec    .         Reflect  .   (no cloak)
rCorr    .         Harm     .   (no gloves)
MR       .....                  (no boots)
Stlth    +++.......             (no amulet)
HPRegen  0.09/turn              k - ring of magical power
MPRegen  0.16/turn              (no ring)

@: very slightly contaminated
A: small, carnivore
a: no special abilities


You were on level 3 of the Dungeon.
You were very full.

You visited 1 branch of the dungeon, and saw 3 of its levels.

You collected 99 gold pieces.

Inventory:

Hand Weapons
 a - a +1 dagger
 c - a +0 short sword
 g - a cursed -1 short sword
 s - a +2 dagger of flaming (weapon)
Missiles
 n - 5 tomahawks (quivered)
Armour
 b - a +0 robe (worn)
 p - a +2 ring mail of magic resistance
Jewellery
 k - a ring of magical power (left hand)
Scrolls
 f - a scroll of fog {unknown}
 i - a scroll of enchant weapon {unknown}
 m - 2 scrolls of teleportation {unknown}
 o - a scroll of identify {unknown}
 q - a scroll of amnesia {unknown}
 r - a scroll of remove curse {unknown}
 t - a scroll of enchant armour {unknown}
Potions
 e - a potion of degeneration {unknown}
 h - a potion of agility {unknown}
 l - a potion of curing {unknown}
Comestibles
 d - 6 rations
 j - 7 chunks of flesh


   Skills:
 + Level 0.6 Fighting
 + Level 1.9 Short Blades
 + Level 2.6 Dodging
 + Level 5.9 Stealth
 + Level 3.3 Spellcasting
 + Level 3.8 Hexes
 + Level 1.0 Ice Magic


You had one spell level left.
You knew the following spells:

 Your Spells              Type           Power        Failure   Level  Hunger
a - Corona                Hex            ###....      3%          1    None
b - Ensorcelled Hibernat  Hex/Ice        ##....       10%         2    ##.....
c - Confuse               Hex            ###.....     11%         3    ###....
d - Tukima's Dance        Hex            ###.....     11%         3    ###....

Your spell library contained the following spells:

 Spells                   Type           Power        Failure   Level  Hunger
 Dazzling Spray           Conj/Hex       #.....       22%         3    ###....


Dungeon Overview and Level Annotations

Branches:
Dungeon (3/15)

Altars:
Sif Muna

Annotations:
D:2 Sigmund


Innate Abilities, Weirdness & Mutations

You are small and have problems with some larger weapons.
You are carnivorous and can eat meat at any time.


Message History

The orc resists with significant effort.
The orc throws an exploding tomahawk.
The exploding tomahawk misses you.
The exploding tomahawk explodes!
The explosion of tomahawk fragments engulfs you!
* * * LOW HITPOINT WARNING * * *
Unknown command.
Okay, then.
Unknown command.
You see here an adder corpse.
Press: ? - help, v - describe, . - travel, g - get item
Here: an orc, wielding a hand axe A trident.
There is something else lying underneath.
The floor, spattered with blood.
Unknown command.
The orc throws an exploding tomahawk.
The exploding tomahawk hits you.
* * * LOW HITPOINT WARNING * * *
The exploding tomahawk explodes!
The explosion of tomahawk fragments engulfs you!
You die...

## .. . ## #. #. ##. ...#..
#. .. #.#..### #. .#
#.#o.o)# #### #.#.# #..#)#
#.... #...# #..#.#
#...########## #..#†#
#............. #
######.#@###.......#####.
#.
.........................
..
...###.#.###.##...####.#.
###.#####..##.............#
#.#. .## .o.o.
#..[....#.#....# #.#.
..##########.........#.####
#.#.
..........##......####.#
#.#.
.########)##......####.#
#.##
.#<.÷..##>...........#.#
#.#


You could see an orc.

Vanquished Creatures
  An orc priest (D:3)
  3 gnolls (D:3)
  2 adders
  A worm (D:2)
  3 dart slugs
  4 leopard geckos
  4 orcs
  5 giant cockroaches
  6 goblins
  3 hobgoblins (D:1)
  2 jackals (D:2)
  13 kobolds
  2 quokkas
  A ball python (D:3)
  6 bats
  5 frilled lizards
  11 rats
72 creatures vanquished.

Vanquished Creatures (others)
  An orc priest (D:3)
1 creature vanquished.

Grand Total: 73 creatures vanquished

Notes
Turn   | Place    | Note
-------+----------+-------------------------------------------
     0 | D:1      | dvd the Kobold Enchanter began the quest for the Orb.
     0 | D:1      | Reached XP level 1. HP: 10/10 MP: 3/3
   657 | D:1      | Reached XP level 2. HP: 9/15 MP: 3/5
   712 | D:1      | Learned a level 2 spell: Ensorcelled Hibernation
  1296 | D:1      | Reached XP level 3. HP: 19/19 MP: 6/6
  1402 | D:1      | Learned a level 3 spell: Confuse
  2145 | D:2      | Reached skill level 5 in Stealth
  2337 | D:2      | Reached XP level 4. HP: 24/24 MP: 4/7
  2794 | D:2      | Noticed Sigmund
  2830 | D:3      | Found a deep blue altar of Sif Muna.
  3375 | D:3      | Reached XP level 5. HP: 28/28 MP: 9/9
  3377 | D:3      | Reached skill level 1 in Ice Magic
  3445 | D:3      | Learned a level 3 spell: Tukima's Dance
  3580 | D:3      | Killed from afar by an orc

Skill      XL: |  1  2  3  4  5 |
---------------+----------------+-----
Stealth        | 5 |  5.9
Ice Magic      | 1 |  1.0
Spellcasting   | 3 |  3.3
Fighting       | |  0.6
Short Blades   | |  1.9
Dodging        | |  2.6
Hexes          | |  3.8

Action                   |  1- 3 |  4- 6 || total
-------------------------+-------+-------++-------
Melee: Dagger            |   105 |    50 ||   155
       Short sword       |     3 |       ||     3
 Cast: Corona            |    13 |       ||    13
       Ensorcelled Hiber |    20 |    33 ||    53
       Confuse           |       |     2 ||     2
 Stab: Sleeping          |    20 |    25 ||    45
       Distracted        |     1 |       ||     1
  Eat: Chunk             |    14 |     6 ||    20
Armor: Robe              |    14 |     5 ||    19
       Ring mail         |       |     4 ||     4
Dodge: Dodged            |    82 |    25 ||   107
